cohdb
Replays
Latest Replays
All Replays
Popular Replays
Top Player Replays
Match Explorer
How It Works
Community
CoH3 Stats
Reddit
Sign in to upload your games and track your stats! →
Sign in with Steam
Match 44475253
Unlisted
Match 44475253
Overview
Messages
Build Orders
End
Construct Weapon Support Center
Selects Special Operations Battlegroup
M1919 Machine Gun Team
Engineer Squad
M1919 Machine Gun Team
Construct Barracks
Infantry Support Center
M1 Mortar Team
M1 Mortar Team
Riflemen Squad
Selects Raiding Flares
M1918 Browning Automatic Rifles
Grenade Package
Construct Medical Station
Selects M29 Weasel with M1 Pack Howitzer
Bazooka Squad
sportbeat
Marmalade
Serial Chiller
深海
ARLIK
jawdar.al.maghreb
Cavalera
Daimer
0
0
Comments
sign in to comment!
No comments posted yet!